 Dungeon Crawl Stone Soup version 0.27-a0-1188-g73eefd5def (webtiles) character file.

Game seed: 16970046250592400016

18406 leviel the Spear-Bearer (level 12, -4/110 HPs)
             Began as a Minotaur Fighter on May 20, 2021.
             Was a High Priest of the Shining One.
             Slain by a cane toad (5 damage)
             ... while petrified by a catoblepas
             ... on level 2 of the Lair of Beasts.
             The game lasted 00:18:20 (10644 turns).

leviel the Spear-Bearer (Minotaur Fighter)         Turns: 10644, Time: 00:18:21

Health: -4/110     AC: 20    Str: 26    XL:     12   Next: 27%
Magic:  15/15      EV:  2    Int:  5    God:    the Shining One [*****.]
Gold:   1064       SH:  0    Dex: 16    Spells: 11/11 levels left

rFire    . . .     SeeInvis .   z - +1 spear (freeze)
rCold    . . .     Faith    .   e - +0 tower shield {rPois}
rNeg     + + +     Spirit   .   h - +2 plate armour
rPois    ∞         Reflect  .   q - +2 hat
rElec    .         Harm     .   (no cloak)
rCorr    .         Rampage  .   y - +0 pair of gloves
Will     .....                  (no boots)
Stlth    ..........             f - amulet of regeneration
HPRegen  1.28/turn              j - ring of flight
MPRegen  0.14/turn              r - +6 ring of dexterity

@: petrified, flying, glowing
A: horns 2, retaliatory headbutt
a: Renounce Religion, Divine Shield, Cleansing Flame, Summon Divine Warrior


You were on level 2 of the Lair of Beasts.
You worshipped the Shining One.
The Shining One was extremely pleased with you.
You visited 3 branches of the dungeon, and saw 14 of its levels.
You also visited: Sewer.

You collected 1064 gold pieces.

Inventory:

Hand Weapons
 a - a +1 trident
 z - a +1 spear of freezing (weapon)
Missiles
 l - 3 atropa-tipped darts
 w - 2 throwing nets
 B - 4 curare-tipped darts (quivered)
Armour
 e - a +0 tower shield of poison resistance (worn)
 h - a +2 plate armour (worn)
 q - a +2 hat (worn)
 y - a +0 pair of gloves (worn)
Jewellery
 f - an amulet of regeneration (around neck)
 j - a ring of flight (left hand)
 r - a +6 ring of dexterity (right hand)
Wands
 c - a wand of charming (6)
 s - a wand of acid (6)
 v - a wand of digging (10)
 x - a wand of iceblast (18)
 E - a wand of paralysis (13)
 F - a wand of polymorph (13)
Scrolls
 i - 7 scrolls of teleportation
 p - 2 scrolls of magic mapping
 C - a scroll of identify {@r1}
 D - a scroll of fear
Potions
 b - 4 potions of curing
 d - 2 potions of might
 g - 2 potions of lignification
 m - 5 potions of flight
 n - 3 potions of berserk rage
 o - 2 potions of brilliance
 t - 2 potions of resistance
 u - 3 potions of heal wounds
 A - a potion of haste
Miscellaneous
 k - a piece from Xom's chessboard (15/15)


   Skills:
 + Level 11.0 Fighting
 * Level 14.2 Polearms
 + Level 10.9 Armour
 - Level 0.1 Dodging
 + Level 10.9 Shields
 + Level 6.5 Invocations


You had 11 spell levels left.
You didn't know any spells.
Your spell library contained the following spells:

 Spells                   Type           Power      Damage    Failure   Level
 Beastly Appendage        Tmut           0%         N/A       100%        1
 Corona                   Hex            0%         N/A       100%        1
 Magic Dart               Conj           0%         1d3       100%        1
 Ensorcelled Hibernation  Hex/Ice        0%         N/A       100%        2
 Searing Ray              Conj           0%         3d3       100%        2
 Wereblood                Tmut           0%         N/A       100%        2
 Confusing Touch          Hex            0%         N/A       100%        3
 Dazzling Flash           Conj/Hex       0%         N/A       100%        3
 Spider Form              Tmut/Pois      0%         N/A       100%        3
 Tukima's Dance           Hex            0%         N/A       100%        3
 Fulminant Prism          Conj/Hex       0%         3d6       100%        4
 Ice Form                 Ice/Tmut       0%         N/A       100%        4
 Iskenderun's Mystic Bla  Conj/Tloc      0%         2d3       100%        4
 Hydra Form               Tmut           0%         N/A       100%        5


Dungeon Overview and Level Annotations

Branches:
Dungeon (11/15)            Temple (1/1) D:4            Lair (2/6) D:10
    Orc (0/2) D:10          Sewer (visited)
  Swamp: Lair:2-4    Shoals: Lair:2-4     Snake: Lair:2-4    Spider: Lair:2-4

Altars:
Ashenzari
Cheibriados
Dithmenos
Elyvilon
Fedhas
Gozag
Hepliaklqana
Kikubaaqudgha
Makhleb
Nemelex Xobeh
Okawaru
Qazlal
Ru
Sif Muna
Trog
Uskayaw
Vehumet
Wu Jian
Xom
Yredelemnul
Zin
The Shining One
Beogh

Shops:
D:8 *

Annotations:
D:10 3 runed translucent doors, Persimmons's ghost, novice DsWz
D:11 Gastronok


Innate Abilities, Weirdness & Mutations

You have a pair of horns on your head.
You reflexively headbutt those who attack you in melee.


Message History

You puncture the catoblepas! You freeze the catoblepas.
The catoblepas is severely wounded.
The catoblepas breathes a plume of calcifying dust at you.
The blast of calcifying dust hits you but does no damage.
The cane toad stings you.
You have turned to stone.
You are engulfed in calcifying dust.
The cane toad stings you.
The catoblepas gores you but does no damage.
You are engulfed in calcifying dust.
The cane toad stings you but does no damage.
The catoblepas breathes a plume of calcifying dust at you.
The blast of calcifying dust hits you.
The cane toad stings you but does no damage.
You are engulfed in calcifying dust.
The catoblepas gores you but does no damage.
The cane toad barely misses you.
You are engulfed in calcifying dust.
The catoblepas gores you! The cane toad stings you!
* * * LOW HITPOINT WARNING * * *
You are engulfed in calcifying dust.
The catoblepas gores you but does no damage.
The cane toad stings you!
* * * LOW HITPOINT WARNING * * *
The cane toad stings you but does no damage.
The catoblepas gores you but does no damage.
The cane toad stings you!
* * * LOW HITPOINT WARNING * * *
The catoblepas gores you!!
* * * LOW HITPOINT WARNING * * *
The cane toad stings you. The catoblepas gores you!
* * * LOW HITPOINT WARNING * * *
The cane toad stings you.
* * * LOW HITPOINT WARNING * * *
The catoblepas breathes a plume of calcifying dust at you.
The blast of calcifying dust hits you but does no damage.
The cane toad stings you but does no damage.
You are engulfed in calcifying dust.
The catoblepas gores you!
* * * LOW HITPOINT WARNING * * *
The cane toad stings you!
You die...

........##....###
.#......#.#.....P
##..#.....#.....
###.#......##.#
.####P##......## ##
#####......###
#.......P##
###.........##
#P......§§@Y.#
##........##F.....#
#..........###...##
#........P..# #..#
#........#### ..#
##.###.P## ## ###
####


You could see a catoblepas and a cane toad.

Vanquished Creatures
  Harold (Lair:2)
  2 hydras (Lair:1)
  4 two-headed ogres
  Sonja (D:11)
  Nergalle (D:11)
  A moth of wrath (D:10)
  4 cane toads (Lair:1)
  A rime drake (Lair:1)
  A komodo dragon (Lair:2)
  A vampire (D:10)
  Grum (D:8)
  22 yaks
  3 wyverns
  A basilisk (Lair:1)
  2 wargs (D:10)
  An acid dragon (D:10)
  9 water moccasins
  2 hornet zombies (D:8)
  3 orc warriors
  A black bear (D:5)
  4 wolves (D:8)
  3 ogres
  6 centaurs
  2 phantoms
  8 bullfrogs
  3 kobold brigands
  Blork the orc (D:4)
  2 gnoll sergeants (D:9)
  2 wyvern zombies (D:8)
  10 killer bees
  3 wights (D:9)
  6 crimson imps (D:7)
  3 howler monkeys (D:9)
  4 centaur zombies
  A bullfrog zombie (D:5)
  2 jellies (D:5)
  10 orc priests
  A bullfrog skeleton (D:5)
  A gnoll shaman (D:6)
  3 iguanas
  8 orc wizards
  3 killer bee zombies
  3 hound skeletons
  2 howler monkey zombies (D:8)
  15 gnolls
  5 adders
  3 shadow imps
  3 white imps
  An ufetubus (D:6)
  An adder skeleton (D:4)
  7 worms
  2 dart slugs (D:1)
  28 orcs
  16 bats
  6 endoplasms
  7 giant cockroaches
  9 goblins
  6 hobgoblins
  14 jackals
  20 kobolds
  6 quokkas
  8 ball pythons
  2 frilled lizards
  7 rats
319 creatures vanquished.

Vanquished Creatures (others)
  A gnoll (D:3)
  An adder (D:3)
  A dart slug (D:3)
  An orc (D:3)
  4 goblins (D:3)
  2 kobolds (D:3)
  A ball python (D:3)
  A bat (D:3)
  A fungus (Lair:2)
  5 plants (Lair:2)
18 creatures vanquished.

Grand Total: 337 creatures vanquished

Notes
Turn   | Place    | Note
-------+----------+-------------------------------------------
     0 | D:1      | leviel the Minotaur Fighter began the quest for the Orb.
     0 | D:1      | Reached XP level 1. HP: 19/19 MP: 0/0
    92 | D:1      | Reached XP level 2. HP: 25/27 MP: 1/1
   468 | D:1      | Reached skill level 3 in Polearms
   508 | D:1      | Reached XP level 3. HP: 33/33 MP: 2/2
   659 | D:1      | Found a faded altar of an unknown god.
   986 | D:2      | Reached XP level 4. HP: 25/40 MP: 3/3
  1371 | D:2      | Reached skill level 4 in Polearms
  1445 | D:3      | Noticed an ogre
  1453 | D:3      | Killed an ogre
  1454 | D:3      | Reached XP level 5. HP: 8/47 MP: 4/4
  1801 | D:3      | Found a broken altar of Ashenzari.
  2181 | D:3      | Found a shimmering altar of Xom.
  2668 | D:4      | Reached skill level 5 in Polearms
  2668 | D:4      | Reached XP level 6. HP: 40/55 MP: 5/5
  2674 | D:4      | Reached skill level 5 in Armour
  2829 | D:4      | Found a glowing drain.
  2852 | D:4      | Reached skill level 5 in Fighting
  2852 | D:4      | Reached skill level 5 in Shields
  2861 | Sewer    | Entered a sewer
  3162 | D:4      | Noticed Blork the orc
  3172 | D:4      | Killed Blork the orc
  3201 | D:4      | Found a staircase to the Ecumenical Temple.
  3240 | Temple   | Entered the Ecumenical Temple
  3404 | D:4      | Found a glowing golden altar of the Shining One.
  3580 | D:4      | Became a worshipper of the Shining One
  3749 | D:5      | Entered Level 5 of the Dungeon
  3791 | D:5      | Reached skill level 6 in Polearms
  3791 | D:5      | Reached XP level 7. HP: 61/61 MP: 6/6
  4084 | D:5      | Reached skill level 7 in Polearms
  4233 | D:6      | Reached * piety under the Shining One
  4248 | D:6      | Reached XP level 8. HP: 70/70 MP: 7/7
  4365 | D:6      | Reached skill level 8 in Polearms
  4402 | D:6      | Noticed a two-headed ogre
  4411 | D:6      | Killed a two-headed ogre
  4412 | D:6      | Reached skill level 9 in Polearms
  4412 | D:6      | Reached XP level 9. HP: 21/79 MP: 8/8
  4853 | D:6      | Found a burning altar of Makhleb.
  5148 | D:7      | Found an ornate altar of the Wu Jian Council.
  5222 | D:7      | Reached skill level 1 in Invocations
  5494 | D:7      | Found a radiant altar of Vehumet.
  5818 | D:7      | Reached ** piety under the Shining One
  5831 | D:7      | Reached skill level 10 in Polearms
  6048 | D:7      | Found a white marble altar of Elyvilon.
  6145 | D:8      | Found Gozag's Platinum Reserve.
  6147 | D:8      | Found an opulent altar of Gozag.
  6230 | D:8      | Noticed Grum
  6251 | D:8      | Killed Grum
  6524 | D:8      | Reached XP level 10. HP: 90/90 MP: 11/11
  6533 | D:8      | Found a basalt altar of Yredelemnul.
  6563 | D:8      | Reached *** piety under the Shining One
  6694 | D:8      | Reached skill level 11 in Polearms
  6943 | D:8      | Found a glowing silver altar of Zin.
  7102 | D:9      | Noticed a two-headed ogre
  7115 | D:9      | Killed a two-headed ogre
  7286 | D:9      | Identified a scroll of acquirement
  7318 | D:8      | Acquired a +0 tower shield of poison resistance
  7459 | D:9      | Noticed a two-headed ogre
  7469 | D:9      | Killed a two-headed ogre
  7709 | D:9      | Found a hazy altar of Hepliaklqana.
  7885 | D:9      | Reached skill level 12 in Polearms
  8036 | D:10     | Entered Level 10 of the Dungeon
  8147 | D:10     | Found a staircase to the Orcish Mines.
  8236 | D:10     | Found a staircase to the Lair.
  8253 | D:10     | Reached XP level 11. HP: 74/97 MP: 13/13
  8266 | D:10     | Reached **** piety under the Shining One
  8322 | D:10     | Noticed a two-headed ogre
  8584 | D:10     | Killed a two-headed ogre
  8604 | D:10     | Reached skill level 5 in Invocations
  8880 | D:10     | Noticed a hell knight
  8880 | D:10     | Noticed Persimmons's ghost (novice DsWz)
  8881 | D:10     | Found a runed translucent gate.
  8881 | D:10     | Found a runed translucent gate.
  8987 | D:10     | Found a runed translucent gate.
  9085 | D:10     | Found a bloodstained altar of Trog.
  9123 | D:10     | Reached skill level 10 in Fighting
  9123 | D:10     | Reached skill level 10 in Armour
  9199 | D:11     | Noticed Sonja
  9206 | D:11     | Killed Sonja
  9207 | D:11     | Reached skill level 13 in Polearms
  9207 | D:11     | Reached skill level 10 in Shields
  9244 | D:11     | Noticed Nergalle
  9269 | D:11     | Killed Nergalle
  9317 | D:11     | Noticed an ogre mage
  9317 | D:11     | Noticed a two-headed ogre
  9317 | D:11     | Noticed a two-headed ogre
  9317 | D:11     | Noticed a two-headed ogre
  9318 | D:11     | Noticed Gastronok
  9575 | Lair:1   | Entered Level 1 of the Lair of Beasts
  9724 | Lair:1   | Noticed an eight-headed hydra
  9774 | Lair:1   | Killed an eight-headed hydra
 10088 | Lair:1   | Noticed a six-headed hydra
 10088 | Lair:1   | Reached ***** piety under the Shining One
 10095 | Lair:1   | Killed a six-headed hydra
 10125 | Lair:1   | Reached XP level 12. HP: 104/108 MP: 15/15
 10443 | Lair:2   | Reached skill level 14 in Polearms
 10540 | Lair:2   | Noticed Harold
 10554 | Lair:2   | Killed Harold
 10617 | Lair:2   | Noticed a catoblepas
 10642 | Lair:2   | HP: 5/110 [cane toad (1)]
 10644 | Lair:2   | HP: 1/110 [catoblepas (7)]
 10644 | Lair:2   | Slain by a cane toad

Illustrated notes

Levels and vault maps discovered:
D:1:      nagdon_arrival_zigzag_paths, layout_loops_ring,
          chequers_ecumenical_altar_simple, minivault_23, minmay_hexomino_p4
D:2:      layout_rooms
D:3:      layout_loops_corners, ashenzari_altar_1, xom_confusion_cloud,
          minmay_fountain_box, kennysheep_orc_chapel
D:4:      layout_basic, nicolae_overflow_crystal_walls,
          minmay_temple_entry_glass, cheibrodos_sewer_entry_sluice,
          uniq_blork_the_orc
D:5:      layout_basic, st_stairs_11
D:6:      layout_loops_cross, amcnicky_altar_gilded
D:7:      layout_basic, kennysheep_mini_moat, general_overflow_altar,
          old_standard_altar, minmay_nine_imps, uniq_crazy_yiuf_cottage
D:8:      layout_loops_ring, zin_scriptorium, nicolae_yredelemnul_corpse_copse,
          nicolae_gozag_zags_fifth_avenue, hangedman_decor_push,
          nrook_mini_vaults, uniq_grum
D:9:      layout_rooms, nzn_hepliaklqana_mist_gate
D:10:     layout_loops_ring, tgw_trog, erik_lair_orcish_takeover, david_orc_3,
          gammafunk_ghost_split, hangedman_decor_slide_cut,
          minmay_misc_feat_nine_boxes, minmay_starry_boxes
D:11:     layout_gridville, enter_trove_6, uniq_gastronok, uniq_nergalle,
          uniq_sonja
Temple:   zaba_magenta_temple
Lair:1:   layout_chaotic_city
Lair:2:   layout_cave_pods, special_room [special_room_bee],
          serial_bayou_shore_a, infiniplex_staircase_pool, grunt_megastairs_5,
          uniq_harold, uniq_erica

Skill      XL: |  1  2  3  4  5  6  7  8  9 10 11 12 |
---------------+-------------------------------------+-----
Fighting       | 4 5 6 7 8 9 10 11 | 11.0
Armour         | 4 5 6 7 8 9 10 | 10.9
Shields        | 4 5 6 7 8 9 10 | 10.9
Polearms       | 3 4 5 6 7 9 10 12 13 14 | 14.2
Invocations    | 2 4 6 |  6.5
Dodging        | |  0.1

Action                   |  1- 3 |  4- 6 |  7- 9 | 10-12 || total
-------------------------+-------+-------+-------+-------++-------
Melee: Trident           |   108 |   176 |   250 |       ||   534
       Headbutt          |    11 |    27 |    39 |   194 ||   271
       Spear             |       |       |    44 |   655 ||   699
Throw: Dart              |       |       |       |     5 ||     5
       Throwing net      |       |       |       |     2 ||     2
Invok: Divine Shield     |       |       |       |     1 ||     1
Evoke: Wand              |       |       |       |     1 ||     1
  Use: Scroll            |     3 |       |       |    22 ||    25
       Potion            |       |       |     1 |     1 ||     2
Armor: Scale mail        |    25 |       |       |       ||    25
       Plate armour      |    62 |    72 |   116 |   194 ||   444
Dodge: Dodged            |    36 |    24 |    47 |    74 ||   181
Block: Kite shield       |    69 |    79 |   143 |    37 ||   328
       Tower shield      |       |       |       |   411 ||   411

Table legend: (Time is in decaauts)
 A = Elapsed time spent in this place.
 B = Non-inter-level travel time spent in this place.
 C = Inter-level travel time spent in this place.
 D = Time resting spent in this place.
 E = Time spent auto-exploring this place.
 F = Levels seen in this place.
 G = Mean time per level.
                   A        B        C        D        E       F      G
               +--------+--------+--------+--------+--------+-----+--------+
         Total |  10694 |  10400 |    294 |   1011 |   7312 |  15 |  712.9 |
       Dungeon |   9202 |   8933 |    269 |    958 |   6306 |  11 |  836.5 |
        Temple |     77 |     74 |      3 |      0 |     54 |   1 |   77.0 |
          Lair |   1024 |   1002 |     22 |     53 |    674 |   2 |  512.0 |
         Sewer |    389 |    389 |      0 |      0 |    277 |   1 |  389.0 |
               +--------+--------+--------+--------+--------+-----+--------+

Top non-repeatable levels by time:
     D:3: 1227 daAuts
    D:10: 1169 daAuts
     D:7: 1098 daAuts
     D:8: 1079 daAuts
     D:1: 908 daAuts
     D:6: 811 daAuts
  Lair:1: 801 daAuts
     D:9: 763 daAuts
     D:4: 737 daAuts
     D:2: 583 daAuts
     D:5: 484 daAuts
   Sewer: 389 daAuts
    D:11: 339 daAuts
  Lair:2: 223 daAuts
  Temple: 77 daAuts
